 Dungeon Crawl Stone Soup version 0.19-a0-853-g1231838 (webtiles) character file.

353 AlphabetPasta the Sneak (level 6, 0/45 HPs)
             Began as a Ghoul Enchanter on July 1, 2016.
             Slain by an ogre
             ... wielding a +0 giant club
              (20 damage)
             ... on level 5 of the Dungeon.
             The game lasted 00:25:53 (4334 turns).

AlphabetPasta the Sneak (Ghoul Enchanter)           Turns: 4334, Time: 00:25:54

Health: 0/45       AC:  5    Str: 12    XL:     6   Next: 62%
Magic:  5/9        EV: 12    Int: 11    God:
Gold:   226        SH:  0    Dex: 10    Spells: 3 memorised, 4 levels left

rFire  + . .     SeeInvis .     a - +1 dagger
rCold  + . .     Gourm    .     h - +0 robe {rF+}
rNeg   + + +     Faith    .     (no shield) rPois āˆž Spirit .
                                p - +0 helmet
rElec  .         Dismiss  .     u - +0 cloak
rCorr  .         Reflect  .     j - +0 pair of gloves
SustAt +         Harm     .     (no boots)
MR     .....                    n - amulet of regeneration
Stlth  ++........               (no ring)
                                f - ring of sustain attributes

@: rotting, not resistant to hostile enchantments, unstealthy
A: rotting body, claws 1, carnivore 3, cold resistance 1, negative energy
resistance 3, slow regeneration 1, torment resistance, unbreathing
a: no special abilities


You were on level 5 of the Dungeon.
You were not hungry.

You visited 1 branch of the dungeon, and saw 5 of its levels.

You collected 226 gold pieces.

Inventory:

Hand Weapons
 a - a +1 dagger (weapon)
 l - a +0 falchion
Armour
 b - a +1 robe
 h - a +0 robe of fire resistance (worn)
 j - a +0 pair of gloves (worn)
 p - a +0 helmet (worn)
 u - a +0 cloak (worn)
Jewellery
 f - a ring of sustain attributes (left hand)
 n - an amulet of regeneration (around neck)
Scrolls
 e - 3 scrolls of remove curse
 v - 2 scrolls of amnesia {unknown}
Potions
 i - 2 potions of curing
 k - a potion of ambrosia {unknown}
 m - a potion of resistance {unknown}
 o - 2 potions of degeneration {unknown}
 q - 2 potions of haste {unknown}
 r - a potion of invisibility
 s - 2 potions of agility {unknown}
 t - 4 potions of heal wounds {unknown}
 z - a potion of magic {unknown}
Books
 c - a book of Maledictions

   Spells                             Type                      Level
   a - Corona                         Hexes                        1
   b - Ensorcelled Hibernation        Hexes/Ice                    2
   c - Confuse                        Hexes                        3
   d - Tukima's Dance                 Hexes                        3
   e - Dazzling Spray                 Conjuration/Hexes            3
Comestibles
 d - a meat ration
 g - 2 slices of pizza
 w - 2 chunks of flesh
 x - a royal jelly


   Skills:
 + Level 2.8 Short Blades
 + Level 2.9 Dodging
 + Level 4.2 Stealth
 + Level 2.9 Spellcasting
 * Level 3.7 Hexes


You had 4 spell levels left.
You knew the following spells:

 Your Spells              Type           Power        Failure   Level  Hunger
a - Corona                Hex            #......      6%          1    #......
b - Ensorcelled Hibernat  Hex/Ice        #.....       21%         2    ###....
c - Confuse               Hex            #.......     17%         3    ###....


Dungeon Overview and Level Annotations

Branches:
Dungeon (5/15)
 Temple: D:4-7

Altars:
Ashenzari
Dithmenos


Innate Abilities, Weirdness & Mutations

Your body is rotting away.
You thrive on raw meat.
You are immune to poison.
You have sharp fingernails.
You are carnivorous and can eat meat at any time.
Your flesh is cold resistant. (rC+)
You are immune to negative energy. (rN+++)
You regenerate slowly when monsters are visible.
You are immune to unholy pain and torment.
You can survive without breathing.


Message History

You barely miss the ogre.
The ogre is heavily wounded.
The ogre barely misses you.
You hit the ogre.
The ogre is severely wounded.
You hit the ogre.
The ogre is severely wounded.
The ogre closely misses you.
You hit the ogre.
The ogre is almost dead.
The ogre barely misses you.
You hit the ogre.
The ogre is almost dead.
You barely miss the ogre.
The ogre is almost dead.
The ogre hits you with a giant club!
You hit the ogre.
The ogre is almost dead.
The ogre hits you with a giant club!!
You die...

#######.#
..ā‰ˆPā‰ˆā‰ˆ#.#
#######.# #.#
#.# #.# #.# #.#
#@# #..#####O##
#.?.......#
#..##.....#
........#
#..##...).# #.
#$....# .
#.....# ##.####


You could see an ogre.

Vanquished Creatures
  An ogre (D:4)
  A giant frog skeleton (D:4)
  An orc wizard (D:3)
  A worker ant (D:4)
  A hound zombie (D:5)
  6 adders
  A howler monkey skeleton (D:4)
  3 dart slugs
  11 orcs
  2 ball pythons
  7 giant cockroaches
  6 goblins
  11 hobgoblins
  8 jackals
  2 quokkas
  6 bats
  A giant gecko skeleton (D:4)
  2 giant newts
  3 jackal skeletons (D:4)
  9 kobolds
  14 rats
97 creatures vanquished.

Notes
Turn   | Place    | Note
-------+----------+-------------------------------------------
     0 | D:1      | AlphabetPasta the Ghoul Enchanter began the quest for the Orb.
     0 | D:1      | Reached XP level 1. HP: 14/14 MP: 2/2
    17 | D:1      | Reached skill level 1 in Short Blades
   111 | D:1      | Reached XP level 2. HP: 19/20 MP: 1/3
   121 | D:1      | Learned a level 2 spell: Ensorcelled Hibernation
   453 | D:1      | Reached XP level 3. HP: 26/26 MP: 2/5
   458 | D:1      | Learned a level 3 spell: Confuse
   596 | D:1      | You fall through a shaft!
  1686 | D:2      | Reached XP level 4. HP: 33/33 MP: 3/6
  2158 | D:3      | Found a shattered altar of Ashenzari.
  2589 | D:3      | Found a shadowy altar of Dithmenos.
  2818 | D:3      | Reached XP level 5. HP: 33/38 MP: 2/7
  3692 | D:4      | Reached skill level 4 in Stealth
  3747 | D:4      | Noticed an ogre
  3842 | D:4      | Killed an ogre
  3842 | D:4      | Reached XP level 6. HP: 39/45 MP: 3/9
  4268 | D:5      | Entered Level 5 of the Dungeon
  4334 | D:5      | Slain by an ogre

Vault maps used:
D:1:      erik_arrival_cave_to_civilisation, serial_bayou_ford_a
D:2:      first_bread, minmay_split_cup_large
D:3:      ashenzari_altar_1, nicolae_dithmenos_shadow_blocks
D:5:      serial_aquarium, aquarium_bridge_square, aquarium_window_fake,
          aquarium_window_corner, aquarium_window_fake, aquarium_window_1,
          aquarium_view_2c, aquarium_view_2f

Skill      XL: |  1  2  3  4  5 |
---------------+----------------+-----
Short Blades   | 1 2 |  2.8
Dodging        | 2 |  2.9
Spellcasting   | 2 |  2.9
Hexes          | 3 |  3.7
Stealth        | 4 |  4.2

Action                   |  1- 3 |  4- 6 || total
-------------------------+-------+-------++-------
Melee: Dagger            |   146 |   216 ||   362
 Cast: Corona            |     8 |     2 ||    10
       Ensorcelled Hiber |    11 |    33 ||    44
       Confuse           |       |     8 ||     8
  Use: Scroll            |       |     6 ||     6
       Potion            |       |     2 ||     2
 Stab: Sleeping          |    11 |    29 ||    40
       Confused          |       |     2 ||     2
       Invisible         |       |     1 ||     1
  Eat: Chunk             |    34 |    46 ||    80
Armor: Robe              |    40 |    38 ||    78
Dodge: Dodged            |    74 |   108 ||   182
